 Dungeon Crawl Stone Soup version 0.29-a0-96-g93358da72b (webtiles) character file.

Game seed: 2644869251154762179

38 Grim the Vexing (level 3, -1/20 HPs)
             Began as a Deep Elf Arcane Marksman on Feb 13, 2022.
             Slain by a kobold (3 damage)
             ... on level 2 of the Dungeon.
             The game lasted 00:04:12 (2345 turns).

Grim the Vexing (Deep Elf Arcane Marksman)          Turns: 2345, Time: 00:04:13

Health: -1/20      AC:  3    Str:  7    XL:     3   Next: 25%
Magic:  7/7        EV: 12    Int: 19    God:
Gold:   110        SH:  0    Dex: 15    Spells: 1/5 levels left

rFire   . . .      SeeInvis .   b - staff of cold
rCold   + . .      Faith    .   (no shield)
rNeg    . . .      Spirit   .   d - +0 robe
rPois   .          Reflect  .   h - +0 helmet
rElec   .          Harm     .   (no cloak)
rCorr   .          Rampage  .   (no gloves)
Will    .....                   (no boots)
Stlth   +.........              (no amulet)
HPRegen 0.06/turn               (no ring)
MPRegen 0.10/turn               (no ring)

@: no status effects
A: no striking features
a: no special abilities


You were on level 2 of the Dungeon.
You visited 1 branch of the dungeon, and saw 2 of its levels.

You collected 110 gold pieces.

Inventory:

Hand Weapons
 a - a +0 shortbow
Missiles
 c - 26 arrows
Armour
 d - a +0 robe (worn)
 h - a +0 helmet (worn)
Magical Staves
 b - a staff of cold (weapon)
 l - a staff of earth
Jewellery
 k - an amulet of regeneration
Scrolls
 e - a scroll of enchant weapon {unknown}
 f - a scroll of noise {unknown}
 g - a scroll of enchant armour {unknown}
 i - 2 scrolls of teleportation {unknown}
 m - 2 scrolls of fear {unknown}
Potions
 j - a potion of lignification {unknown}
 n - a potion of mutation {unknown}


   Skills:
 - Level 0.7 Fighting
 + Level 0.0 Staves
 + Level 4.2 Bows
 - Level 2.4 Dodging
 - Level 1.5 Spellcasting
 * Level 4.7 Hexes


You had one spell level left.
You knew the following spells:

 Your Spells              Type           Power      Damage    Failure   Level
a - Slow                  Hex            76%        N/A       2%          1
b - Inner Flame           Hex/Fire       10%        N/A       21%         3

Your spell library contained the following spells:

 Spells                   Type           Power      Damage    Failure   Level
 Portal Projectile        Hex/Tloc       20%        N/A       21%         3
 Cause Fear               Hex            9%         N/A       26%         4


Dungeon Overview and Level Annotations

Branches:
Dungeon (2/15)

Altars:


Message History

There is a stone staircase leading down here.
There is a stone staircase leading up here.
A kobold comes into view. It is wielding a +0 whip.
The kobold shouts!
You shoot an arrow. The arrow closely misses the kobold.
The kobold closely misses you.
b - a staff of cold (weapon)
You hit the kobold but do no damage. The kobold closely misses you.
You closely miss the kobold. The kobold hits you with a +0 whip.
The kobold closely misses you.
You hit the kobold.
The kobold is heavily wounded.
The kobold hits you with a +0 whip.
You closely miss the kobold.
The kobold is heavily wounded.
The kobold misses you.
You closely miss the kobold.
The kobold is heavily wounded.
The kobold hits you with a +0 whip.
* * * LOW HITPOINT WARNING * * *
You barely miss the kobold.
The kobold is heavily wounded.
The kobold hits you with a +0 whip.
* * * LOW HITPOINT WARNING * * *
You are too injured to fight recklessly!
You barely miss the kobold.
The kobold is heavily wounded.
The kobold barely misses you. The kobold hits you with a +0 whip.
* * * LOW HITPOINT WARNING * * *
You hit the kobold.
The kobold is severely wounded.
The kobold closely misses you.
You closely miss the kobold.
The kobold is severely wounded.
The kobold hits you with a +0 whip.
* * * LOW HITPOINT WARNING * * *
You closely miss the kobold.
The kobold is severely wounded.
The kobold hits you with a +0 whip.
You die...

# .... #
#..# # #..#
# #..# #
#..# # #..#
# #####..#
# #.@....#
## #K###.##
#. #. #.#
######. #.
#.# #......
### #. #.#
#.##... #..
.. #.#
#.##.#. #.#
#####.#
#.##.## #.#
##.##.#
#.##.##
#.###.#.#.#
#.##.#


You could see a kobold.

Vanquished Creatures
  A gnoll (D:1)
  4 ball pythons
  3 bats (D:1)
  4 endoplasms
  3 goblins
  3 hobgoblins
  2 jackals (D:2)
  A kobold (D:1)
  5 rats
26 creatures vanquished.

Vanquished Creatures (others)
  A plant (D:1)
1 creature vanquished.

Grand Total: 27 creatures vanquished

Notes
Turn   | Place    | Note
-------+----------+-------------------------------------------
     0 | D:1      | Grim the Deep Elf Arcane Marksman began the quest for the
                  | Orb.
     0 | D:1      | Reached XP level 1. HP: 11/11 MP: 5/5
   235 | D:1      | Reached XP level 2. HP: 16/16 MP: 6/6
   391 | D:1      | Found a faded altar of an unknown god.
  1335 | D:1      | Reached XP level 3. HP: 20/20 MP: 7/7
  1368 | D:1      | Learned a level 3 spell: Inner Flame
  2345 | D:2      | Slain by a kobold

Illustrated notes

Levels and vault maps discovered:
D:1:      minmay_arrival_four_loops, layout_basic,
          shapermc_ecumenical_altar_flowoftime, minmay_misc_feat_roman
D:2:      layout_loops_ring

Skill      XL: |  1  2 |
---------------+-------+-----
Bows           | 3 4 |  4.2
Fighting       | |  0.7
Dodging        | |  2.4
Spellcasting   | |  1.5
Hexes          | |  4.7

Action                   || total
-------------------------++-------
Melee: Falchion          ||    44
       Staff             ||    10
 Fire: Shortbow          ||    65
 Cast: Slow              ||     2
Armor: Robe              ||    23
Dodge: Dodged            ||    67

Table legend: (Time is in decaauts)
 A = Elapsed time spent in this place.
 B = Non-inter-level travel time spent in this place.
 C = Inter-level travel time spent in this place.
 D = Time resting spent in this place.
 E = Time spent auto-exploring this place.
 F = Levels seen in this place.
 G = Mean time per level.
                   A        B        C        D        E       F      G
               +--------+--------+--------+--------+--------+-----+--------+
         Total |   2359 |   2307 |     52 |    609 |   1322 |   2 | 1179.5 |
       Dungeon |   2359 |   2307 |     52 |    609 |   1322 |   2 | 1179.5 |
               +--------+--------+--------+--------+--------+-----+--------+

Top non-repeatable levels by time:
     D:1: 1689 daAuts
     D:2: 669 daAuts
